 Dungeon Crawl Stone Soup version 0.26-a0-415-g2a9615731a (webtiles) character file.

Game seed: 8005506364187114155

503389 ReteAZ the Merfolkian Porcupine (level 25, -16/201 HPs)
             Began as a Merfolk Gladiator on July 24, 2020.
             Was the Champion of Okawaru.
             Killed from afar by an ancient lich (97 damage)
             ... with a crystal spear
             ... on level 2 of the Depths on July 25, 2020.
             The game lasted 02:48:02 (66360 turns).

ReteAZ the Merfolkian Porcupine (MfGl)             Turns: 66360, Time: 02:48:03

Health: -16/201    AC: 35    Str: 23      XL:     25   Next: 26%
Magic:  29/29      EV: 21    Int:  6 (9)  God:    Okawaru [******]
Gold:   4964       SH: 32    Dex: 20      Spells: 24/24 levels left

rFire    + . .     SeeInvis +   k - +8 spear "Jigenkiv" {flame, rElec rPois Str+6 Dex-3}
rCold    + + .     Faith    .   C - +6 tower shield of Ru {rN+}
rNeg     + + +     Spirit   .   R - +9 plate armour of Nesatuce {rF++ rC+ Regen+}
rPois    +         Reflect  +   S - +2 hat {MR+}
rElec    +         Harm     .   T - +0 cloak of Immorality {rPois rN+++ Str-3 SInv}
rCorr    .                      f - +2 pair of gloves {Dex+3}
MR       +++..                  Y - +2 pair of boots {run}
Stlth    ..........             B - amulet of reflection
HPRegen  0.83/turn              e - ring of Afeown {Ice rPois MR+}
MPRegen  0.21/turn              n - +4 ring of evasion

@: mighty, quick
A: change form in water, swift swim, stealthy swim
}: 2/15 runes: barnacled, gossamer
a: Heroism, Finesse, Renounce Religion


You were on level 2 of the Depths.
You worshipped Okawaru.
Okawaru was exalted by your worship.
You visited 9 branches of the dungeon, and saw 41 of its levels.
You visited 1 bazaar.
You also visited: Sewer, Bailey, Gauntlet and Ice Cave.

You collected 10519 gold pieces.
You spent 5555 gold pieces at shops.

Inventory:

Hand Weapons
 g - the +7 trident of the Aged Bounties {freeze, +Blink +Fly Str+7 Dex-5}
   (You bought it in a shop on level 14 of the Dungeon)

   It has been specially enchanted to freeze those struck by it, causing extra
   injury to most foes and up to half again as much damage against particularly
   susceptible opponents.
   It can also slow down cold-blooded creatures.
   It affects your strength (+7).
   It affects your dexterity (-5).
   It lets you fly.
   It lets you blink.
 k - the +8 spear "Jigenkiv" (weapon) {flame, rElec rPois Str+6 Dex-3}
   (Okawaru gifted it to you on level 4 of the Spider Nest)

   It has been specially enchanted to burn those struck by it, causing extra
   injury to most foes and up to half again as much damage against particularly
   susceptible opponents.
   It affects your strength (+6).
   It affects your dexterity (-3).
   It insulates you from electricity.
   It protects you from poison.
 x - a +2 demon trident of flaming
Missiles
 d - 12 throwing nets
 v - 87 javelins (quivered)
 w - 105 boomerangs
 I - 37 silver javelins
 N - 8 silver boomerangs
Armour
 c - a scarf of resistance
 f - a +2 pair of gloves of dexterity (worn)
 r - the +1 hat of the Blizzard {Str+3 SInv}
   (Okawaru gifted it to you on level 4 of the Spider Nest)

   It affects your strength (+3).
   It lets you see invisible.
 C - the +6 tower shield of Ru (worn) {rN+}
   (You bought it in a shop on level 4 of the Dungeon)

   It protects you from negative energy.
 R - the +9 plate armour of Nesatuce (worn) {rF++ rC+ Regen+}
   (You found it on level 1 of the Vaults)

   It greatly protects you from fire.
   It protects you from cold.
   It increases your rate of regeneration.
 S - a +2 hat of magic resistance (worn)
 T - the +0 cloak of Immorality (worn) {rPois rN+++ Str-3 SInv}
   (You found it on level 4 of the Vaults)

   It affects your strength (-3).
   It protects you from poison.
   It renders you almost immune to negative energy.
   It lets you see invisible.
 Y - a +2 pair of boots of running (worn)
Jewellery
 e - the ring of Afeown (left hand) {Ice rPois MR+}
   (You found it on level 3 of the Elven Halls)

   [ring of ice]

   It enhances your ice magic.
   It makes you vulnerable to fire.
   It protects you from cold.
   It protects you from poison.
   It affects your resistance to hostile enchantments.
 h - the ring of Aqausa {*Corrode +Blink rC+ MP+9 Str+6}
   (You found it in an ice cave)

   [ring of strength]

   It affects your strength (+6).
   It protects you from cold.
   It affects your magic capacity (+9).
   It lets you blink.
   It may corrode you when you take damage.
 n - a +4 ring of evasion (right hand)
 z - an uncursed ring of resist corrosion
 B - an amulet of reflection (around neck)
Wands
 b - a wand of clouds (7)
 o - a wand of digging (21)
 F - a wand of iceblast (69)
 H - a wand of disintegration (28)
 L - a wand of paralysis (52)
 X - a wand of polymorph (17)
 Z - a wand of flame (123)
Scrolls
 a - a scroll of silence
 l - 6 scrolls of enchant armour
 s - 16 scrolls of teleportation
 y - a scroll of holy word
 E - 19 scrolls of remove curse
 J - 6 scrolls of enchant weapon
 O - 4 scrolls of fear
 P - 9 scrolls of magic mapping
 U - 12 scrolls of identify
 V - 10 scrolls of blinking
 W - 8 scrolls of fog
Potions
 i - 10 potions of haste
 j - 6 potions of heal wounds
 m - 5 potions of might
 p - 20 potions of curing
 q - 4 potions of stabbing
 u - 6 potions of invisibility
 A - 6 potions of flight
 D - 5 potions of berserk rage
 G - 4 potions of mutation
 K - 12 potions of ambrosia
 M - 3 potions of cancellation
 Q - 2 potions of resistance


   Skills:
 - Level 17.0 Fighting
 O Level 27 Polearms
 - Level 19.1 Throwing
 + Level 12.2 Armour
 + Level 19.3 Dodging
 - Level 15.0 Shields
 - Level 9.0 Invocations
 - Level 10.0 Evocations


You had 24 spell levels left.
You didn't know any spells.
Your spell library contained the following spells:

 Spells                   Type           Power        Failure   Level
 Animate Skeleton         Necr           #.....       100%        1
 Apportation              Tloc           #.....       100%        1
 Beastly Appendage        Tmut           #.....       100%        1
 Corona                   Hex            #......      100%        1
 Magic Dart               Conj           #...         100%        1
 Pain                     Necr           #...         100%        1
 Sandblast                Erth           #.....       100%        1
 Shock                    Conj/Air       #...         100%        1
 Sting                    Tmut/Pois      #...         100%        1
 Summon Small Mammal      Summ           #...         100%        1
 Blink                    Tloc           N/A          100%        2
 Call Imp                 Summ           #.......     100%        2
 Corpse Rot               Necr/Air       N/A          100%        2
 Ensorcelled Hibernation  Hex/Ice        #.....       100%        2
 Passwall                 Tmut/Erth      #.......     100%        2
 Poisonous Vapours        Pois/Air       #.....       100%        2
 Searing Ray              Conj           #.....       100%        2
 Slow                     Hex            #.......     100%        2
 Sublimation of Blood     Necr           #.........   100%        2
 Swiftness                Air            #.......     100%        2
 Wereblood                Tmut           #.......     100%        2
 Call Canine Familiar     Summ           #.......     100%        3
 Confusing Touch          Hex            #.......     100%        3
 Conjure Flame            Conj/Fire      #.......     100%        3
 Dazzling Flash           Conj/Hex       #.....       100%        3
 Gell's Gravitas          Tloc           #.........   100%        3
 Ignite Poison            Fire/Tmut/Pois #.......     100%        3
 Lesser Beckoning         Tloc           #.........   100%        3
 Mephitic Cloud           Conj/Pois/Air  #.......     100%        3
 Portal Projectile        Hex/Tloc       #.....       100%        3
 Spider Form              Tmut/Pois      #.........   100%        3
 Static Discharge         Conj/Air       #.......     100%        3
 Stone Arrow              Conj/Erth      #.....       100%        3
 Summon Guardian Golem    Hex/Summ       #.......     100%        3
 Teleport Other           Tloc           #.......     100%        3
 Tukima's Dance           Hex            #.......     100%        3
 Vampiric Draining        Necr           #.........   100%        3
 Airstrike                Air            #.........   100%        4
 Animate Dead             Necr           #.........   100%        4
 Cause Fear               Hex            #.........   100%        4
 Fulminant Prism          Conj/Hex       #.........   100%        4
 Ice Form                 Ice/Tmut       #.......     100%        4
 Iskenderun's Mystic Bla  Conj/Tloc      #.......     100%        4
 Leda's Liquefaction      Hex/Erth       #.........   100%        4
 Olgreb's Toxic Radiance  Pois           #.......     100%        4
 Passage of Golubria      Tloc           N/A          100%        4
 Petrify                  Tmut/Erth      #.......     100%        4
 Summon Ice Beast         Ice/Summ       #.......     100%        4
 Summon Lightning Spire   Summ/Air       #.......     100%        4
 Agony                    Necr           #.......     100%        5
 Blade Hands              Tmut           #.........   100%        5
 Bolt of Magma            Conj/Fire/Erth #.........   100%        5
 Borgnjor's Vile Clutch   Necr/Erth      #.........   100%        5
 Lee's Rapid Deconstruct  Erth           #.........   100%        5
 Lightning Bolt           Conj/Air       #.........   100%        5
 Silence                  Hex/Air        #.........   100%        5
 Summon Forest            Summ/Tloc      #.........   100%        5
 Yara's Violent Unravell  Hex/Tmut       #.........   100%        5
 Death Channel            Necr           #.........   100%        6
 Eringya's Noxious Bog    Tmut/Pois      #.........   100%        6
 Freezing Cloud           Conj/Ice/Air   #.........   100%        6
 Hydra Form               Tmut           #.........   100%        6
 Simulacrum               Ice/Necr       #.........   100%        6
 Haunt                    Necr/Summ      #.........   100%        7
 Malign Gateway           Summ/Tloc      #.........   100%        7
 Monstrous Menagerie      Summ           #.........   100%        7
 Spellforged Servitor     Conj/Summ      #.........   100%        7
 Summon Greater Demon     Summ           #.........   100%        7
 Summon Hydra             Summ           #.........   100%        7
 Borgnjor's Revivificati  Necr           #.........   100%        8
 Discord                  Hex            #.........   100%        8
 Ignition                 Fire           #.........   100%        8
 Infestation              Necr           #.........   100%        8
 Necromutation            Tmut/Necr      #.........   100%        8
 Summon Horrible Things   Summ           #.........   100%        8
 Death's Door             Necr           #.........   100%        9
 Dragon's Call            Summ           #.........   100%        9
 Shatter                  Erth           #.........   100%        9
 Tornado                  Air            #.........   100%        9


Dungeon Overview and Level Annotations

Branches:
Dungeon (15/15)            Temple (1/1) D:4            Lair (6/6) D:10
 Shoals (4/4) Lair:4       Spider (4/4) Lair:3        Slime (0/5) Lair:6
    Orc (2/2) D:10            Elf (3/3) Orc:2        Vaults (4/5) D:13
  Crypt (0/3) Vaults:3     Depths (2/5) D:15          Sewer (visited)
 Bailey (visited)           IceCv (visited)         Gauntlet (visited)

Altars:
Ashenzari
Cheibriados
Dithmenos
Elyvilon
Fedhas
Gozag
Hepliaklqana
Kikubaaqudgha
Makhleb
Nemelex Xobeh
Okawaru
Qazlal
Ru
Sif Muna
Trog
Uskayaw
Vehumet
Wu Jian
Xom
Yredelemnul
Zin
The Shining One
Jiyva

Shops:
D:4 [   D:12 !   D:14 *}?(   Orc:1 }   Orc:2 (((   Elf:2 (   Elf:3 *
Vaults:1 **(   Vaults:2 ***?   Vaults:3 !   Depths:1 =}}

Portals:
Hell: Depths:1 Depths:2
Abyss: Lair:1
Pandemonium: Depths:2
Trove: Elf:2 (give +2 gold dragon scales)

Annotations:
D:14 2 transporters, Ocrulaeg's ghost, adept FoFi
Lair:1 2 transporters, Lidevat's ghost, journeyman GnWn
Lair:2 exclusions: 3 oklob plants and orange crystal statue
Lair:3 exclusion: 4 oklob plants
Lair:4 1 runed translucent door
Lair:6 1 runed translucent door
Shoals:2 1 runed translucent door, Sickboy's ghost, adept HOFi
Orc:1 1 runed translucent door, Feac's ghost, journeyman DsBe
Elf:3 exclusion: Tzitzimitl
Vaults:1 3 runed translucent doors, exclusion: obsidian statue, Siugipix's ghost, adept GrEE


Message History

Here: an ancient lich (severely damaged, fast)
The floor.
There is an open door, spattered with blood here.
You feel very mighty all of a sudden. The ancient lich casts a spell at you.
You resist with almost no effort.
There is an open door, spattered with blood here.
Your plate armour of Nesatuce prevents you from hitting the ancient lich.
The ancient lich is severely damaged.
The ancient lich barely misses you.
There is an open door, spattered with blood here.
You hit the ancient lich but do no damage.
The ancient lich is severely damaged.
You block the ancient lich's attack.
There is an open door, spattered with blood here.
You impale the ancient lich!! You burn the ancient lich.
The ancient lich is almost destroyed.
The ancient lich casts a spell at you. The crystal spear hits you!!!!
You die...

# ##### ###≈≈≈# #################
.#≈≈≈≈# #.L@...'.........
.'#≈≈≈## #.....#####.........
.##≈≈≈≈# #..... #.........
##≈≈≈≈.## #(.>.( #.........
#≈≈≈....######## ##'###'######
≈≈≈≈.....## #...#...#....
≈≈≈≈≈.....### #...#...#.≈..
≈≈≈≈≈.......#### ####...'...#.≈..
≈≈≈≈...........###..#...#...#.≈..


You could see an ancient lich (fast).

Vanquished Creatures
  Saint Roka (Vaults:1)
  Nikola (Spider:4)
  Arachne (Spider:3)
  A lich (Depths:2)
  2 deep elf blademasters (Elf:3)
  2 deep elf master archers (Elf:3)
  3 tengu reavers
  A sphinx (Depths:1)
  A storm dragon (Vaults:3)
  6 frost giants
  3 fire giants
  4 deep elf sorcerers
  15 vault wardens
  3 ghost moths (Spider:4)
  4 emperor scorpions
  3 deep elf elementalists (Elf:3)
  Aizul (Vaults:4)
  2 war gargoyles
  16 ironheart preservers
  15 very ugly things
  9 stone giants
  A vampire knight (Depths:1)
  7 entropy weavers
  6 deep elf demonologists (Elf:3)
  9 deep elf annihilators
  2 ettins
  2 spark wasps (Spider:4)
  A minotaur (Gauntlet)
  13 deep elf death magi
  5 merfolk javelineers
  An eidolon (Depths:2)
  4 fire dragons
  A deep elf high priest (Elf:3)
  16 merfolk impalers
  6 yaktaur captains
  2 rakshasas
  3 great orbs of eyes
  3 hydras
  13 vault guards
  12 ogre magi
  10 merfolk aquamancers
  An alligator snapping turtle (Shoals:4)
  9 centaur warriors
  5 ice dragons
  2 merfolk avatars (Shoals:4)
  2 catoblepae
  37 dancing weapons
  4 death knights
  5 satyrs
  The ghost of loom the Grappler, a novice TrHu of Okawaru (D:8)
  50 two-headed ogres
  2 death yaks (Lair:5)
  2 deep troll shamans
  2 tengu warriors
  4 deep troll earth magi
  5 orc high priests (Orc:2)
  20 deep elf knights
  2 soul eaters (Depths:2)
  A large abomination (Elf:3)
  A fire crab (shapeshifter) (D:15)
  A fire crab (Gauntlet)
  4 death drakes (Depths:2)
  7 shadow wraiths
  12 skeletal warriors
  2 unseen horrors
  19 deep trolls
  A spectral anaconda (Depths:2)
  4 flayed ghosts
  6 sea snakes
  5 glowing orange brains
  A spectral hydra (Depths:2)
  An orange crystal statue (Depths:2)
  2 wizards
  12 ironbrand convokers
  3 phantasmal warriors
  An orb spider (shapeshifter) (D:15)
  20 orc knights
  38 harpies
  13 deep elf archers
  A mana viper (Depths:2)
  40 wolf spiders
  2 necromancers
  A shadow dragon skeleton (Vaults:4)
  A salamander (shapeshifter) (Vaults:2)
  3 orc sorcerers
  61 deep elf magi
  49 ugly things
  17 fauns
  23 orb spiders
  2 moths of wrath (Spider:4)
  12 slime creatures
  10 manticores
  A shining eye (shapeshifter) (Elf:1)
  9 cyclopes
  A cyclops (shapeshifter) (D:13)
  A moth of wrath (shapeshifter) (Vaults:2)
  9 black mambas
  8 elephants
  Joseph (Lair:1)
  9 water nymphs
  A water nymph (shapeshifter) (D:13)
  10 vault sentinels
  2 centaur zombies
  3 ice statues (IceCv)
  13 merfolk sirens
  A gargoyle (Gauntlet)
  A guardian serpent (Lair:6)
  31 cane toads
  A rime drake (shapeshifter) (Vaults:1)
  3 kobold demonologists
  16 demonic crawlers
  7 freezing wraiths
  2 small abominations
  3 rime drakes
  A guardian mummy (Elf:2)
  A komodo dragon (shapeshifter) (Vaults:1)
  2 yaktaurs (shapeshifter)
  24 yaktaurs
  An anaconda simulacrum (Depths:2)
  An efreet (D:15)
  An entropy weaver simulacrum (Vaults:1)
  8 komodo dragons
  A spectral merfolk (Depths:2)
  11 trolls
  43 jumping spiders
  2 tengu conjurers
  3 polar bears (shapeshifter)
  A polar bear (Lair:2)
  A queen bee (shapeshifter) (Depths:1)
  A jumping spider (shapeshifter) (D:13)
  14 hornets
  2 queen bees
  7 wind drakes
  26 merfolk
  3 meliai (Spider:2)
  7 blink frogs
  3 dream sheep (Shoals:3)
  Grinder (D:4)
  2 sphinx simulacra
  2 raiju
  15 hippogriffs
  8 snapping turtles
  A meliai zombie (D:14)
  A redback (shapeshifter) (Vaults:1)
  Sigmund (D:5)
  A vampire (D:14)
  60 yaks
  3 air elementals
  3 shadows (Depths:2)
  21 water elementals
  32 tarantellas
  94 redbacks
  9 wraiths
  17 wyverns
  4 fire bats (Gauntlet)
  4 fire elementals
  8 basilisks
  3 vampire mosquitoes (D:15)
  Edmund (D:4)
  18 wargs
  A soldier ant (D:15)
  2 hydra simulacra (Depths:2)
  3 soldier ants (shapeshifter)
  25 water moccasins
  2 acid dragons (D:15)
  5 hell hounds (Depths:2)
  2 floating eyes (Depths:2)
  4 porcupines
  3 spectral spriggans (Depths:2)
  2 spectral trolls (Depths:2)
  13 ice beasts
  59 orc warriors
  A sky beast (D:12)
  A sky beast (shapeshifter) (D:13)
  3 phantoms
  A black bear (D:8)
  39 wolves
  2 tengu (shapeshifter)
  An eye of draining (D:12)
  A snapping turtle zombie (Depths:2)
  10 boggarts
  16 ogres
  A human skeleton (Vaults:4)
  18 centaurs
  8 crocodiles
  4 big kobolds
  17 bullfrogs
  An earth elemental (Elf:1)
  A merfolk simulacrum (Depths:2)
  A wyvern skeleton (D:11)
  6 scorpions
  65 killer bees
  2 spectral nagas (Depths:2)
  3 spectral ogres (Depths:2)
  18 wights
  2 howler monkeys (D:10)
  A spectral centaur (Depths:2)
  8 hounds
  4 quasits (D:8)
  3 human simulacra
  3 bullfrog skeletons
  4 bullfrog zombies
  35 orc priests
  Crazy Yiuf (D:5)
  4 centaur skeletons
  An iron imp (Depths:1)
  3 jellies
  A gnoll shaman (D:4)
  Jessica (D:2)
  3 iguanas
  36 orc wizards
  2 hell rats (Lair:3)
  9 worker ants
  2 troll simulacra (Depths:2)
  A lightning spire (Gauntlet)
  2 spriggan simulacra (Depths:2)
  2 centaur simulacra (Depths:2)
  3 worker ant zombies
  Robin (D:3)
  2 howler monkey skeletons
  14 adders
  14 gnolls
  A naga simulacrum (Depths:2)
  7 river rats (Sewer)
  2 shadow imps
  A white imp (D:6)
  5 ufetubi
  3 oozes
  2 adder skeletons
  5 worms
  4 dart slugs
  6 leopard geckos
  151 orcs
  7 giant cockroaches
  24 goblins
  6 hobgoblins
  9 jackals
  3 quokkas
  3 ball pythons
  7 bats
  10 frilled lizards
  27 kobolds
  A leopard gecko skeleton (D:4)
  A leopard gecko zombie (D:7)
  11 rats
  3 butterflies (Lair:4)
  A crawling corpse (Elf:3)
  7 plants
2156 creatures vanquished.

Vanquished Creatures (collateral kills)
  A fungus (Lair:6)
1 creature vanquished.

Vanquished Creatures (others)
  An ogre mage (Vaults:1)
  A phantasmal warrior (Depths:2)
  2 manticores (Shoals:4)
  An air elemental (Elf:2)
  An orc warrior (Orc:1)
  An ogre (Depths:2)
  17 fungi
  51 plants
75 creatures vanquished.

Grand Total: 2232 creatures vanquished

Notes
Turn   | Place    | Note
-------+----------+-------------------------------------------
     0 | D:1      | ReteAZ the Merfolk Gladiator began the quest for the Orb.
     0 | D:1      | Reached XP level 1. HP: 16/16 MP: 1/1
   100 | D:1      | Reached skill level 5 in Polearms
   100 | D:1      | Reached XP level 2. HP: 19/22 MP: 2/2
   836 | D:2      | Reached skill level 6 in Polearms
   836 | D:2      | Reached XP level 3. HP: 27/27 MP: 3/3
   845 | D:2      | Noticed Jessica
   853 | D:2      | Killed Jessica
   939 | D:2      | Reached skill level 7 in Polearms
   939 | D:2      | Reached XP level 4. HP: 33/33 MP: 4/4
  1058 | D:2      | Found a shattered altar of Ashenzari.
  1117 | D:2      | Reached skill level 8 in Polearms
  1117 | D:2      | Reached XP level 5. HP: 36/38 MP: 5/5
  1515 | D:2      | Reached skill level 9 in Polearms
  2156 | D:3      | Reached XP level 6. HP: 44/44 MP: 6/6
  2584 | D:3      | Noticed Robin
  2709 | D:3      | Killed Robin
  2709 | D:3      | Reached skill level 10 in Polearms
  3488 | D:4      | Reached skill level 1 in Shields
  3507 | D:4      | Found a hide-covered altar of Uskayaw.
  3531 | D:4      | Found a radiant altar of Vehumet.
  3578 | D:4      | Reached XP level 7. HP: 18/50 MP: 7/7
  3584 | D:4      | Reached skill level 11 in Polearms
  3919 | D:4      | Found a staircase to the Ecumenical Temple.
  4043 | Temple   | Entered the Ecumenical Temple
  4192 | Temple   | Became a worshipper of Warmaster Okawaru
  4247 | D:4      | Noticed Grinder
  4248 | D:4      | Found Xoyrejot's Antique Armour Shop.
  4266 | D:4      | Killed Grinder
  4362 | D:4      | Reached XP level 8. HP: 56/56 MP: 8/8
  4512 | D:5      | Entered Level 5 of the Dungeon
  4512 | D:5      | Noticed Edmund
  4531 | D:4      | Killed Edmund
  4531 | D:4      | Reached * piety under Okawaru
  4531 | D:4      | Reached skill level 12 in Polearms
  4831 | D:5      | Noticed Sigmund
  5013 | D:5      | Found a bloodstained altar of Trog.
  5387 | D:5      | Found a runed translucent door.
  5388 | D:5      | Noticed Crazy Yiuf
  5555 | D:5      | Killed Sigmund
  5555 | D:5      | Reached skill level 13 in Polearms
  5866 | D:6      | Found a glowing drain.
  5873 | Sewer    | Entered a sewer
  6363 | D:6      | Reached ** piety under Okawaru
  6363 | D:6      | Reached skill level 14 in Polearms
  6629 | D:6      | Reached skill level 5 in Dodging
  6629 | D:6      | Reached XP level 9. HP: 47/62 MP: 9/9
  6718 | D:6      | Found a sparkling altar of Nemelex Xobeh.
  6904 | D:6      | Noticed a cyclops
  7229 | D:6      | Found a white marble altar of Elyvilon.
  7983 | D:7      | Found a bloodstained altar of Trog.
  8126 | D:7      | Reached *** piety under Okawaru
  8152 | D:7      | Found a shimmering blue altar of Sif Muna.
  8384 | D:7      | Found a snail-covered altar of Cheibriados.
  8385 | D:7      | Found a basalt altar of Yredelemnul.
  8607 | D:7      | Reached skill level 5 in Fighting
  9083 | D:8      | Found a flagged portal.
  9125 | D:8      | Reached skill level 10 in Dodging
  9127 | D:8      | Reached XP level 10. HP: 74/76 MP: 10/10
  9142 | Bailey   | Entered a bailey
  9219 | Bailey   | Noticed an orc knight
  9219 | Bailey   | Noticed an orc knight
  9219 | Bailey   | Noticed an orc knight
  9638 | D:8      | Found a transporter.
  9652 | D:8      | Found a transporter.
  9654 | D:8      | Noticed loom's ghost (novice TrHu)
 10063 | D:8      | Reached **** piety under Okawaru
 11104 | D:9      | Noticed a two-headed ogre
 11140 | D:9      | Killed a two-headed ogre
 11140 | D:9      | Received a gift from Okawaru
 11393 | D:9      | Found a sparkling altar of Nemelex Xobeh.
 11393 | D:9      | Found an opulent altar of Gozag.
 11453 | D:9      | Reached skill level 5 in Throwing
 11852 | D:9      | Got a twitching platinum ring
 11854 | D:9      | Identified the ring "Lyckomau" {Str+6 SInv} (You found it
                  | on level 9 of the Dungeon)
 11880 | D:9      | Found a shadowy altar of Dithmenos.
 11883 | D:9      | Found a hazy altar of Hepliaklqana.
 12229 | D:9      | Found a glowing golden altar of the Shining One.
 12272 | D:10     | Entered Level 10 of the Dungeon
 12353 | D:10     | Reached ***** piety under Okawaru
 12366 | D:10     | Reached XP level 11. HP: 82/84 MP: 11/11
 12473 | D:10     | Found a staircase to the Orcish Mines.
 12691 | D:10     | Received a gift from Okawaru
 12955 | D:10     | Reached skill level 1 in Invocations
 13034 | D:10     | Received a gift from Okawaru
 13149 | D:10     | Found a staircase to the Lair.
 13156 | D:10     | Noticed a two-headed ogre
 13170 | D:10     | Killed a two-headed ogre
 13175 | D:10     | Reached skill level 5 in Invocations
 13276 | D:10     | Noticed an unseen horror
 13293 | D:10     | Killed an unseen horror
 13364 | D:10     | Got an iridescent trident
 13365 | D:10     | Identified the +4 trident of Haibem {venom, rF+ Str+3} (You
                  | found it on level 10 of the Dungeon)
 13667 | D:11     | Noticed a seven-headed hydra
 13788 | D:11     | Received a gift from Okawaru
 14177 | D:11     | Killed a seven-headed hydra
 14867 | D:12     | Reached XP level 12. HP: 80/91 MP: 18/18
 14900 | D:12     | Reached skill level 1 in Armour
 15183 | D:12     | Found Buimet's Distillery.
 15188 | D:12     | Bought a potion of heal wounds for 55 gold pieces
 15188 | D:12     | Bought a potion of heal wounds for 55 gold pieces
 15486 | D:12     | Received a gift from Okawaru
 15518 | D:12     | Identified the +7 long sword "Ocuaniy" {freeze, *Corrode
                  | rN++ Str+4}
 15678 | D:12     | Reached skill level 5 in Shields
 15887 | D:13     | Noticed a centaur warrior
 16215 | Lair:1   | Entered Level 1 of the Lair of Beasts
 16261 | Lair:1   | Noticed Joseph
 16292 | Lair:1   | Killed Joseph
 16630 | Lair:1   | You fall into a shaft and drop 1 floor!
 17543 | Lair:1   | Received a gift from Okawaru
 17634 | Lair:1   | Received a gift from Okawaru
 17634 | Lair:1   | Reached XP level 13. HP: 82/101 MP: 19/19
 17752 | Lair:1   | Found a transporter.
 17752 | Lair:1   | Found a transporter.
 17752 | Lair:1   | Noticed a cacodemon
 17791 | Lair:1   | Found a one-way gate to the infinite horrors of the Abyss.
 17791 | Lair:1   | Noticed Lidevat's ghost (journeyman GnWn)
 17801 | Lair:1   | Identified the +1 rapier of Disintegration {distort, rC+}
 18496 | Lair:2   | Reached ****** piety under Okawaru
 19299 | Lair:3   | Received a gift from Okawaru
 19689 | Lair:3   | Found a hole to the Spider Nest.
 19715 | Lair:3   | Received a gift from Okawaru
 19738 | Lair:3   | Identified a +2 pair of boots of running (Okawaru gifted it
                  | to you on level 3 of the Lair of Beasts)
 19994 | Lair:3   | Reached skill level 10 in Fighting
 20085 | Lair:3   | Reached skill level 5 in Armour
 21211 | Lair:4   | Found a staircase to the Shoals.
 21729 | Lair:4   | Found a runed translucent door.
 22335 | Lair:5   | Reached XP level 14. HP: 111/111 MP: 20/20
 22661 | D:4      | Bought a dazzling tower shield for 228 gold pieces
 22661 | D:4      | Bought an ichor-stained ring mail for 216 gold pieces
 22671 | D:4      | Identified the +6 tower shield of Ru {rN+} (You bought it
                  | in a shop on level 4 of the Dungeon)
 22717 | D:4      | Identified the +6 ring mail of Dishonour {*Slow rElec rN+}
                  | (You bought it in a shop on level 4 of the Dungeon)
 23981 | Lair:6   | Entered Level 6 of the Lair of Beasts
 24053 | Lair:6   | Received a gift from Okawaru
 24090 | Lair:6   | Paralysed by a hornet for 1 turns
 24567 | Lair:6   | Received a gift from Okawaru
 24822 | Lair:6   | Reached skill level 15 in Dodging
 24875 | Lair:6   | Found a runed translucent door.
 24875 | Lair:6   | Found a viscous altar of Jiyva.
 24875 | Lair:6   | Found a staircase to the Slime Pits.
 24875 | Lair:6   | Noticed an acid blob
 25397 | Lair:6   | Received a gift from Okawaru
 25502 | Lair:6   | Reached skill level 10 in Shields
 26251 | D:5      | Killed Crazy Yiuf
 26435 | D:8      | Killed loom's ghost
 26702 | D:13     | Received a gift from Okawaru
 26703 | D:13     | Got a buzzing demon blade {god gift}
 26762 | D:13     | Found a gate to the Vaults.
 26784 | D:13     | Reached XP level 15. HP: 120/120 MP: 21/21
 27488 | D:13     | Received a gift from Okawaru
 27907 | D:14     | Found a gate leading to a gauntlet.
 27921 | D:14     | Found Zivaph's Antique Weapon Boutique.
 27929 | Gauntlet | Entered a Gauntlet
 27929 | Gauntlet | Found a transporter.
 27929 | Gauntlet | Found a transporter.
 27933 | Gauntlet | Found a transporter.
 27957 | Gauntlet | Found a transporter.
 27967 | Gauntlet | Found a transporter.
 27967 | Gauntlet | Found a transporter.
 27971 | Gauntlet | Found a transporter.
 27998 | Gauntlet | Found a transporter.
 28005 | Gauntlet | Found a transporter.
 28014 | Gauntlet | Found a transporter.
 28023 | Gauntlet | Found a transporter.
 28069 | Gauntlet | Found a transporter.
 28083 | Gauntlet | Found a transporter.
 28174 | Gauntlet | Found a transporter.
 28183 | Gauntlet | Found a transporter.
 28201 | Gauntlet | Found a transporter.
 28499 | Gauntlet | Identified the cursed +1 storm dragon scales "Isyiwya"
                  | {rElec rN+}
 28552 | D:14     | Bought a slimy trident for 272 gold pieces
 28936 | D:14     | Identified the +7 trident of the Aged Bounties {freeze,
                  | +Blink +Fly Str+7 Dex-5} (You bought it in a shop on level
                  | 14 of the Dungeon)
 29006 | D:14     | Found Paownif's Magic Scroll Boutique.
 29014 | D:14     | Bought a scroll of teleportation for 57 gold pieces
 29014 | D:14     | Bought a scroll of teleportation for 57 gold pieces
 29014 | D:14     | Bought a scroll of blinking for 142 gold pieces
 29106 | D:14     | Received a gift from Okawaru
 29272 | D:14     | Found a transporter.
 29280 | D:14     | Found a transporter.
 29287 | D:14     | Noticed Ocrulaeg's ghost (adept FoFi)
 29402 | D:14     | Found Puva Unym's Gadget Boutique.
 29406 | D:14     | Bought a wand of clouds (2) for 234 gold pieces
 29477 | D:14     | Found Kuadgh's General Store.
 29494 | D:14     | Bought a potion of heal wounds for 70 gold pieces
 29494 | D:14     | Bought a wand of clouds (4) for 336 gold pieces
 29660 | D:15     | Entered Level 15 of the Dungeon
 29686 | D:15     | Found a frozen archway.
 29711 | IceCv    | Entered an ice cave
 29731 | IceCv    | Received a gift from Okawaru
 30132 | IceCv    | Got a transparent wooden ring
 30134 | IceCv    | Identified the ring of Aqausa {*Corrode +Blink rC+ MP+9
                  | Str+6} (You found it in an ice cave)
 30157 | IceCv    | Got encrusted ice dragon scales
 30173 | IceCv    | Identified the +1 ice dragon scales of the Curious Tables
                  | {rElec rF- rC++ rCorr} (You found it in an ice cave)
 30608 | D:15     | Found a staircase to the Depths.
 30674 | D:15     | Received a gift from Okawaru
 30996 | D:15     | Reached XP level 16. HP: 126/130 MP: 22/22
 31256 | Orc:1    | Entered Level 1 of the Orcish Mines
 31588 | Orc:1    | Found a runed translucent door.
 31712 | Orc:1    | Found a shimmering altar of Xom.
 31712 | Orc:1    | Noticed Feac's ghost (journeyman DsBe)
 31772 | Orc:1    | Found Jysiw's Gadget Shop.
 32074 | Orc:2    | Entered Level 2 of the Orcish Mines
 32074 | Orc:2    | Found a staircase to the Elven Halls.
 32394 | Orc:2    | Received a gift from Okawaru
 33456 | Orc:2    | Found Hexing's Antique Weapon Shoppe.
 33459 | Orc:2    | Found Buiwuoj's Antique Armour Shoppe.
 33460 | Orc:2    | Found Docampef's Weapon Shoppe.
 33461 | Orc:2    | Found Weofaos's Antique Weapon Emporium.
 33880 | Spider:1 | Entered Level 1 of the Spider Nest
 34261 | Spider:1 | Received a gift from Okawaru
 34313 | Spider:1 | Reached skill level 10 in Armour
 34411 | Spider:1 | Received a gift from Okawaru
 35457 | Spider:2 | Received a gift from Okawaru
 35579 | Spider:2 | Reached skill level 1 in Evocations
 35828 | Spider:2 | Reached skill level 10 in Throwing
 36116 | Spider:2 | Received a gift from Okawaru
 36169 | Spider:2 | Reached XP level 17. HP: 96/136 MP: 23/23
 36498 | Spider:3 | Noticed Arachne
 36864 | Spider:3 | Killed Arachne
 36864 | Spider:3 | Reached skill level 5 in Evocations
 36971 | Spider:3 | Got a faintly humming ring mail
 36982 | Spider:3 | Identified the +4 ring mail of Greater Demons {Str+7 Int+5
                  | Dex-5} (You found it on level 3 of the Spider Nest)
 37743 | Spider:4 | Entered Level 4 of the Spider Nest
 37822 | Spider:4 | Reached skill level 15 in Shields
 38012 | Spider:4 | Received a gift from Okawaru
 38442 | Spider:4 | Noticed Nikola
 38495 | Spider:4 | Killed Nikola
 38719 | Spider:4 | Received a gift from Okawaru
 39067 | Spider:4 | Got a polished spear {god gift}
 39217 | Spider:4 | Reached skill level 10 in Evocations
 39237 | Spider:4 | Reached XP level 18. HP: 114/143 MP: 0/24
 39255 | Spider:4 | Reached skill level 15 in Polearms
 39289 | Spider:4 | Received a gift from Okawaru
 39299 | Spider:4 | Got a faintly humming hat {god gift}
 39427 | Spider:4 | Identified the +1 hat of the Blizzard {Str+3 SInv} (Okawaru
                  | gifted it to you on level 4 of the Spider Nest)
 39610 | Spider:4 | Identified the +8 spear "Jigenkiv" {flame, rElec rPois
                  | Str+6 Dex-3} (Okawaru gifted it to you on level 4 of the
                  | Spider Nest)
 39725 | Spider:4 | Got a gossamer rune of Zot
 39829 | Spider:4 | Reached skill level 16 in Polearms
 40082 | Shoals:1 | Entered Level 1 of the Shoals
 40860 | Shoals:1 | Reached skill level 17 in Polearms
 42220 | Shoals:2 | Found a runed translucent door.
 42621 | Shoals:2 | Received a gift from Okawaru
 42631 | Shoals:2 | Reached skill level 18 in Polearms
 42928 | Shoals:2 | Noticed Sickboy's ghost (adept HOFi)
 44286 | Shoals:3 | Reached XP level 19. HP: 149/149 MP: 25/25
 44545 | Shoals:4 | Entered Level 4 of the Shoals
 45090 | Shoals:4 | Reached skill level 19 in Polearms
 45649 | Shoals:4 | Received a gift from Okawaru
 46835 | Shoals:4 | Got a barnacled rune of Zot
 47001 | Shoals:4 | Received a gift from Okawaru
 47140 | Shoals:4 | Reached skill level 20 in Polearms
 47740 | Vaults:1 | Entered Level 1 of the Vaults
 48323 | Vaults:1 | Found a runed translucent gate.
 48323 | Vaults:1 | Found a runed translucent gate.
 48323 | Vaults:1 | Found a runed translucent gate.
 48324 | Vaults:1 | Found an opulent altar of Gozag.
 48390 | Vaults:1 | Noticed Siugipix's ghost (adept GrEE)
 48391 | Vaults:1 | Found Bahe's Assorted Antiques.
 48392 | Vaults:1 | Found Peassar's Assorted Antiques.
 49064 | Vaults:1 | Noticed Saint Roka
 49612 | Vaults:1 | Killed Saint Roka
 49829 | Vaults:1 | Reached skill level 21 in Polearms
 49842 | Vaults:1 | Received a gift from Okawaru
 49853 | Vaults:1 | Got a faintly glowing helmet {god gift}
 49864 | Vaults:1 | Identified the +2 helmet "Gyophy" {Int-4 Dex+5} (Okawaru
                  | gifted it to you on level 1 of the Vaults)
 50073 | Vaults:1 | Reached XP level 20. HP: 142/156 MP: 19/26
 50367 | Vaults:1 | Got a citrine-studded plate armour
 50378 | Vaults:1 | Identified the +9 plate armour of Nesatuce {rF++ rC+
                  | Regen+} (You found it on level 1 of the Vaults)
 50423 | Vaults:1 | Reached skill level 22 in Polearms
 50597 | Vaults:1 | Found Ylubbot's Weapon Emporium.
 51300 | Vaults:2 | Reached skill level 23 in Polearms
 51606 | Vaults:2 | Received a gift from Okawaru
 51814 | Vaults:2 | Reached skill level 24 in Polearms
 52272 | Vaults:2 | Found Seqoup's Magic Scroll Shop.
 52280 | Vaults:2 | Bought a scroll of identify for 40 gold pieces
 52280 | Vaults:2 | Bought a scroll of blinking for 150 gold pieces
 52280 | Vaults:2 | Bought a scroll of identify for 40 gold pieces
 52280 | Vaults:2 | Bought a scroll of brand weapon for 400 gold pieces
 52280 | Vaults:2 | Bought a scroll of fog for 40 gold pieces
 52365 | Vaults:2 | Found Gozag's Assorted Antiques.
 52370 | Vaults:2 | Found Gozag's Assorted Antiques.
 52448 | Vaults:2 | Found an opulent altar of Gozag.
 52448 | Vaults:2 | Found Gozag's Assorted Antiques.
 52451 | Vaults:2 | Bought a scroll labeled CARELLUUS for 100 gold pieces
 52451 | Vaults:2 | Acquired 2500 gold pieces
 52455 | Vaults:2 | Bought a flickering ivory ring for 500 gold pieces
 52458 | Vaults:2 | Identified the ring "Welir" {rElec rN+} (You bought it in a
                  | shop on level 2 of the Vaults)
 52528 | Vaults:2 | Reached skill level 25 in Polearms
 52551 | Vaults:2 | Reached XP level 21. HP: 162/162 MP: 23/27
 53333 | Vaults:3 | Received a gift from Okawaru
 53621 | Vaults:3 | Reached skill level 26 in Polearms
 54225 | Vaults:3 | Received a gift from Okawaru
 54785 | Vaults:3 | Found a staircase to the Crypt.
 54785 | Vaults:3 | Found an ancient bone altar of Kikubaaqudgha.
 54786 | Vaults:3 | Found a basalt altar of Yredelemnul.
 54842 | Vaults:3 | Reached skill level 27 in Polearms
 54972 | Vaults:3 | Found Owkagomy's Distillery.
 54980 | Vaults:3 | Bought a potion of haste for 110 gold pieces
 54980 | Vaults:3 | Bought a potion of heal wounds for 55 gold pieces
 54980 | Vaults:3 | Bought a potion of invisibility for 88 gold pieces
 54980 | Vaults:3 | Bought a potion of curing for 33 gold pieces
 55122 | Vaults:4 | Upgraded the game from 0.26-a0-412-ga3d1f51b80 to
                  | 0.26-a0-415-g2a9615731a
 55287 | Vaults:4 | Got a heavily runed cloak
 55298 | Vaults:4 | Identified the cursed +0 cloak of Immorality {rPois rN+++
                  | Str-3 SInv} (You found it on level 4 of the Vaults)
 55544 | Vaults:4 | Noticed Aizul
 55560 | Vaults:4 | Killed Aizul
 55788 | Vaults:4 | Reached skill level 15 in Fighting
 55849 | Vaults:4 | Reached XP level 22. HP: 166/175 MP: 23/28
 56051 | Vaults:4 | Received a gift from Okawaru
 56436 | Vaults:4 | Received a gift from Okawaru
 57078 | Elf:1    | Entered Level 1 of the Elven Halls
 57186 | Elf:1    | Found a flickering gateway to a bazaar.
 57192 | Bazaar   | Entered a bazaar
 57192 | Bazaar   | Found Noppalilo's Antique Weapon Shop.
 57208 | Bazaar   | Found Zeupt's Armour Emporium.
 57233 | Bazaar   | Found Xotobant's Weapon Emporium.
 57243 | Bazaar   | Found Onumol Oguo's Book Shop.
 57251 | Bazaar   | Bought a manual of Throwing for 1435 gold pieces
 57365 | Elf:1    | Received a gift from Okawaru
 57825 | Elf:1    | Received a gift from Okawaru
 58812 | Elf:2    | Reached skill level 15 in Throwing
 58892 | Elf:2    | Found a huge runed translucent gate.
 58892 | Elf:2    | Found a huge runed translucent gate.
 58893 | Elf:2    | Found a huge runed translucent gate.
 58908 | Elf:2    | Found a huge runed translucent gate.
 58910 | Elf:2    | Found a huge runed translucent gate.
 59148 | Elf:2    | Found a portal to a secret trove of treasure.
 59432 | Elf:2    | Found Waunint's Antique Weapon Emporium.
 60395 | Elf:3    | Entered Level 3 of the Elven Halls
 60417 | Elf:3    | Received a gift from Okawaru
 60420 | Elf:3    | Identified the +1 plate armour of Exclusion {Str+4}
                  | (Okawaru gifted it to you on level 3 of the Elven Halls)
 60544 | Elf:3    | Reached XP level 23. HP: 158/187 MP: 29/29
 61227 | Elf:3    | Identified the Volume of Envenoming and Clay
 61235 | Elf:3    | Identified the Collected Works on Floating Beguiling
 61241 | Elf:3    | Identified the +1 spear of Tidesucs {vorpal, Dex+7} (You
                  | found it on level 3 of the Elven Halls)
 61277 | Elf:3    | Identified the amulet of Har Vack {Faith Slay+2}
 61317 | Elf:3    | Identified the Compendium of Heat and Black Rites
 61330 | Elf:3    | Got a scorched amber ring
 61332 | Elf:3    | Identified the ring of Afeown {Ice rPois MR+} (You found it
                  | on level 3 of the Elven Halls)
 61413 | Elf:3    | Identified Mudouwk's Papyrus of the Birds and the Entourage
 61719 | Elf:3    | Found Bijead's Assorted Antiques.
 61730 | Elf:3    | Bought a scroll of blinking for 315 gold pieces
 61849 | Elf:3    | Identified the cursed +2 long sword of the Chopping Genius
                  | {flame, rF+}
 61849 | Elf:3    | Identified the amulet "Gotith" {RegenMP rC+}
 62275 | Depths:1 | Entered Level 1 of the Depths
 62483 | Depths:1 | Found Dunot's Jewellery Shoppe.
 62483 | Depths:1 | Found Seaffeli's Gadget Shop.
 62484 | Depths:1 | Found Idghux's Gadget Shop.
 62555 | Depths:1 | Bought a wand of iceblast (11) for 255 gold pieces
 62555 | Depths:1 | Bought a wand of digging (4) for 272 gold pieces
 62853 | Depths:1 | Received a gift from Okawaru
 62957 | Depths:1 | Received a gift from Okawaru
 63610 | Depths:1 | Found a gateway to Hell.
 65218 | Depths:2 | Reached XP level 24. HP: 193/195 MP: 29/29
 65286 | Depths:2 | Received a gift from Okawaru
 65820 | Depths:2 | Paralysed by a floating eye for 2 turns
 66014 | Depths:2 | Found a one-way gate leading to the halls of Pandemonium.
 66029 | Depths:2 | Reached XP level 25. HP: 201/201 MP: 29/29
 66322 | Depths:2 | Noticed an ancient lich
 66360 | Depths:2 | Killed from afar by an ancient lich

Illustrated notes

Levels and vault maps discovered:
D:1:      nzn_arrival_settlement, layout_basic
D:2:      layout_loops_ring, ashenzari_conservatory_becter,
          chequers_serial_rivers_small_b, uniq_jessica
D:3:      layout_basic, uniq_robin
D:4:      layout_rooms, nicolae_overflow_hidden_temple, vehumet_crystals,
          temple_fountains, serial_forest, infiniplex_forest_3_way,
          infiniplex_forest_diagonal, infiniplex_forest_zigzag_1,
          infiniplex_forest_pool, infiniplex_forest_join, serial_shops,
          nicolae_shop_overgrown_old_shop, uniq_grinder
D:5:      layout_cave_pools, bloody_trog, uniq_sigmund, uniq_edmund,
          uniq_crazy_yiuf_cottage
D:6:      layout_basic, elyvilon_altar_3, portal_sewer_entry_b,
          nemelex_xobeh_ov_fountains_minmay
D:7:      old_forge, layout_cave_pools, marbit_many_paths,
          nicolae_overflow_crystal_walls, gammafunk_temple_overflow_statue
D:8:      layout_loops_corners, enter_bailey_3, gammafunk_ghost_stat_death
D:9:      layout_loops_cross, grunt_temple_overflow_opulence,
          riverfiend_overflow_shadow_ancestor, nicolae_tso_swordbearing_angel,
          chequers_arboretum, ebering_dispersal_statue_hall,
          hangedman_decor_points, dk_noncrumbling_4
D:10:     layout_loops_ring, david_lair_shrubbed, hiddenorc2_lemuel
D:11:     layout_basic
D:12:     layout_roguey, serial_shops, shop
D:13:     layout_roguey, david_vaults_1, minmay_the_grid_2x2
          [minmay_the_grid_garden, minmay_the_grid_stretched_grid,
          minmay_the_grid_minigrid_medium, minmay_the_grid_prize_four_corners]
D:14:     layout_loops_ring, columned_hall_lemuel, gauntlet_entry_generic,
          gammafunk_ghost_stat_death, serial_shops, nicolae_shop_trees, shop,
          nicolae_shop_waterfront, nicolae_shop_stone
D:15:     grunt_enter_depths_snipers, layout_long_grid, portal_ice_cave_rime
Temple:   nicolae_temple_figure_zero
Lair:1:   layout_cave_shapes, gammafunk_ghost_abyssal_escape,
          grunt_forest_large_clearings, uniq_joseph
Lair:2:   layout_cave_pods, disabler_island, minmay_lair_oklob_chamber
Lair:3:   hangedman_what_comes_after_a, layout_chaotic_city,
          nicolae_spider_entry_tight_spaces, grunt_megastairs_3
Lair:4:   layout_loops_ring, minmay_shoals_entry_beasts, pf_torpor_hydra,
          lemuel_fruit_fields, lemuel_fruit_tree, lemuel_fruit_fields,
          infiniplex_staircase_pool
Lair:5:   layout_concentric_octagons, beast_lair_carwin_11
Lair:6:   hangedman_lair_tendril_chambers, layout_cave_pods, slime_altar_2,
          nicolae_quartered_pool_medium, lemuel_fruit_fields
Shoals:1: layout_shoals
Shoals:2: layout_shoals, ebering_ghost_inner_flame, nicolae_shoals_water_shrine
Shoals:3: layout_shoals
Shoals:4: shoals_end_grunt_ice, layout_shoals, nicolae_shoals_mertower
Spider:1: layout_spider_delve
Spider:2: layout_spider_delve, special_room [special_room_bee]
Spider:3: layout_spider_delve, uniq_arachne
Spider:4: grunt_spider_rune_parallel, uniq_nikola
Orc:1:    layout_caves, ebering_ghost_xom, serial_shops, nicolae_shop_crystal,
          mines5_lemuel
Orc:2:    st_orc_pillars, layout_diamond_mine
Elf:1:    eino_elf_arrival_sip, layout_geoelf_grid, serial_shops, freezing_bzr,
          evilmike_minifort, grunt_megastairs_1
Elf:2:    layout_onion_city, nicolae_trove_entry_path_of_doom, serial_shops,
          shop, st_stairs_4, lemuel_elevator
Elf:3:    grunt_elf_hall_diamonds, layout_geoelf_octagon, serial_shops, shop
Vaults:1: ebering_vaults_ghost_gozag, nicolae_vaults_network_square,
          vaults_room_semicircle, vaults_room_grunt_arrival_ludios,
          vaults_room_door_ring, nicolae_vaults_little_squares_1, v_misc_2,
          v_misc_29, v_misc_23, ontoclasm_vaults_ring_small,
          vaults_room_hallway, st_lines, layout_vaults_omnibox, serial_shops,
          shop, uniq_saint_roka
Vaults:2: nicolae_vaults_theta, v_rooms_5, grunt_vaults_funnel, v_pattern_3,
          vaults_mumra_lcd, v_misc_8, nicolae_vaults_network_periphery,
          nicolae_vaults_little_squares_5, kennysheep_vaults_gozag_temple,
          hangedman_vaults_capsules, vaults_room_hallway, v_rooms_6,
          vaults_room_pools, v_misc_17, nicolae_vaults_little_squares_4,
          ontoclasm_vaults_pinch, layout_vaults_maze_bifur, serial_shops,
          nicolae_shop_trees
Vaults:3: nicolae_vaults_triangles, nicolae_vaults_windows_and_doors_thing,
          vaults_room_ringed_pool, nicolae_vaults_asterisk,
          vaults_room_semicircle, minmay_crypt_entry_necro_gods,
          vaults_dpeg_encased_lava, nicolae_vaults_little_squares_3,
          ontoclasm_vaults_bender, v_alt_pattern_1, layout_vaults_omnigrid,
          serial_shops, shop
Vaults:4: v_misc_22, vaults_room_stairs_pillars, vaults_room_stairs_pillars,
          hangedman_vaults_nails, nicolae_vaults_quartermaster,
          ontoclasm_vaults_chip, ontoclasm_vaults_ring_large,
          ontoclasm_vaults_ring_small, layout_vaults_big_cross, uniq_aizul
Depths:1: layout_cave_pools, grunt_hell_entry_dis_old,
          hangedman_abyss_or_decor_clamps, fountainhead, nrook_mini_backslash,
          minmay_statues_item, minmay_variable_closet,
          kennysheep_generic_room_11, minmay_shop_grove
Depths:2: lemuel_river_lethe, pan_entry, hell_entry

Skill      XL: |  1  2  3  4  5  6  7  8  9 10 11 12 13 14 15 16 17 18 19 20 21 22 23 24 |
---------------+-------------------------------------------------------------------------+-----
Polearms       | 5 6 7 8 9 10 11 14 18 21 25 27 | 27.0
Shields        | 1 3 4 6 8 10 11 14 15 | 15.0
Dodging        | 5 10 11 12 14 15 16 17 18 19 | 19.3
Fighting       | 5 7 9 10 12 13 15 17 | 17.0
Throwing       | 7 9 10 11 14 16 18 19 | 19.1
Invocations    | 9 |  9.0
Armour         | 3 5 7 8 10 11 12 | 12.2
Evocations     | 2 10 | 10.0

Action                   |  1- 3 |  4- 6 |  7- 9 | 10-12 | 13-15 | 16-18 | 19-21 | 22-24 | 25-27 || total
-------------------------+-------+-------+-------+-------+-------+-------+-------+-------+-------++-------
Melee: Trident           |    59 |   280 |   519 |   489 |  2071 |  1912 |   240 |   278 |       ||  5848
       Tailslap          |       |     1 |     1 |       |     7 |    27 |    18 |    43 |     4 ||   101
       Spear             |       |       |       |   566 |       |   468 |  2785 |  2315 |   130 ||  6264
       Demon trident     |       |       |       |    55 |       |       |       |       |       ||    55
Throw: Dart              |       |    34 |    63 |    44 |    12 |       |       |       |       ||   153
       Throwing net      |       |       |       |     2 |       |       |       |       |       ||     2
       Javelin           |       |       |       |     7 |    36 |   106 |   116 |    67 |       ||   332
Invok: Heroism           |       |       |       |       |     7 |     8 |    12 |     6 |       ||    33
       Finesse           |       |       |       |       |     7 |     9 |    12 |     4 |       ||    32
 Abil: Evoke Blink       |       |       |       |       |       |     1 |       |       |       ||     1
Evoke: Wand              |       |       |       |     2 |     8 |     7 |     3 |     1 |       ||    21
  Use: Scroll            |       |       |    12 |     5 |    22 |     7 |     4 |    13 |       ||    63
       Potion            |       |       |     2 |     4 |       |     6 |     2 |    10 |     1 ||    25
 Stab: Sleeping          |       |     5 |     4 |     1 |     2 |       |       |       |       ||    12
       Distracted        |       |       |     1 |     2 |       |     1 |       |     1 |       ||     5
       Held in net/web   |       |       |       |     1 |       |     2 |       |       |       ||     3
       Paralysed         |       |       |       |       |       |    10 |       |       |       ||    10
Armor: Leather armour    |     6 |    70 |    51 |    78 |    41 |       |       |       |       ||   246
       Ring mail         |       |       |       |       |    92 |       |       |       |       ||    92
       Storm dragon scal |       |       |       |       |    44 |   316 |    37 |       |       ||   397
       Ice dragon scales |       |       |       |       |     5 |    66 |    32 |       |       ||   103
       Plate armour      |       |       |       |       |       |       |   199 |   303 |     4 ||   506
Dodge: Dodged            |    28 |   165 |   201 |   512 |   670 |   844 |   477 |   513 |    11 ||  3421
Block: Buckler           |       |    46 |    72 |   150 |    85 |       |       |       |       ||   353
       Tower shield      |       |       |       |       |  1497 |  2919 |  2281 |  2067 |    44 ||  8808
       Reflection        |       |       |       |       |    52 |   100 |   153 |    99 |       ||   404

Table legend: (Time is in decaauts)
 A = Elapsed time spent in this place.
 B = Non-inter-level travel time spent in this place.
 C = Inter-level travel time spent in this place.
 D = Time resting spent in this place.
 E = Time spent auto-exploring this place.
 F = Levels seen in this place.
 G = Mean time per level.
                   A        B        C        D        E       F      G
               +--------+--------+--------+--------+--------+-----+--------+
         Total |  58179 |  54037 |   4142 |  10124 |  28208 |  46 | 1264.8 |
       Dungeon |  19029 |  16808 |   2221 |   2577 |  10094 |  15 | 1268.6 |
        Temple |    161 |    150 |     11 |      0 |    107 |   1 |  161.0 |
          Lair |   8740 |   7975 |    765 |   1290 |   4880 |   6 | 1456.7 |
        Shoals |   6083 |   5919 |    164 |   1741 |   2459 |   4 | 1520.8 |
   Spider Nest |   5329 |   5015 |    314 |   1302 |   2130 |   4 | 1332.2 |
  Orcish Mines |   2099 |   1922 |    177 |    374 |    840 |   2 | 1049.5 |
   Elven Halls |   4179 |   3939 |    240 |    388 |   2168 |   3 | 1393.0 |
        Vaults |   7399 |   7195 |    204 |   1356 |   3547 |   4 | 1849.8 |
        Depths |   3257 |   3214 |     43 |    708 |   1284 |   2 | 1628.5 |
        Bazaar |     80 |     80 |      0 |      0 |     52 |   1 |   80.0 |
         Sewer |    368 |    368 |      0 |      0 |    244 |   1 |  368.0 |
        Bailey |    448 |    448 |      0 |    218 |     62 |   1 |  448.0 |
      Ice Cave |    458 |    458 |      0 |    166 |     71 |   1 |  458.0 |
      Gauntlet |    543 |    543 |      0 |      0 |    264 |   1 |  543.0 |
               +--------+--------+--------+--------+--------+-----+--------+

Top non-repeatable levels by time:
Vaults:1: 2549 daAuts
Depths:2: 1884 daAuts
     D:6: 1850 daAuts
Vaults:2: 1810 daAuts
Spider:4: 1808 daAuts
Shoals:4: 1790 daAuts
  Lair:6: 1677 daAuts
  Lair:1: 1646 daAuts
  Lair:3: 1637 daAuts
Vaults:3: 1604 daAuts
  Lair:2: 1584 daAuts
Shoals:2: 1581 daAuts
   Elf:2: 1573 daAuts
Shoals:3: 1545 daAuts
     D:2: 1525 daAuts
